 Dungeon Sprint DCSS version 0.28.0-45-g0d030f2227 (webtiles) character file.

Game seed: 9951151711139695887

1243 boopmooplesden the Carver (level 8, -20/94 HPs)
             Began as a Minotaur Berserker on Apr 14, 2022.
             Was an Elder of Trog.
             Killed from afar by Erica (24 damage)
             ... with a lance of force
             ... while paralysed by Erica
             ... in the Dungeon (Sprint III: "The Ten Rune Challenge").
             The game lasted 00:02:37 (1760 turns).

boopmooplesden the Carver (Minotaur Berserker)      Turns: 1760, Time: 00:02:37

Health: -20/94     AC:  3    Str: 24    XL:     8   Next: 25%
Magic:  7/7        EV:  2    Int:  4    God:    Trog [****..]
Gold:   42         SH:  0    Dex: 10    Spells: 7/7 levels left

rFire   . . .      SeeInvis .   d - +0 long sword (holy)
rCold   . . .      Faith    .   (no shield)
rNeg    . . .      Spirit   .   b - +1 animal skin
rPois   .          Reflect  .   (helmet unavailable)
rElec   .          Harm     .   (no cloak)
rCorr   .          Rampage  .   (no gloves)
Will    +....      NoTele   +   (no boots)
Stlth   +.........              (no amulet)
HPRegen 0.25/turn               (no ring)
MPRegen 0.10/turn               (no ring)

@: paralysed, lethally poisoned (-20 -> -24), on berserk cooldown, slowed, very
slow
A: horns 3, retaliatory headbutt, strong-willed 1, sense surroundings 1, robust
1, evolution 1
a: Renounce Religion, Berserk, Trog's Hand, Brothers in Arms


You were in the Dungeon.
You worshipped Trog.
Trog was greatly pleased with you.
You visited 1 branch You collected 42 gold pieces.

Inventory:

Hand Weapons
 a - a +0 falchion
 d - a +0 long sword of holy wrath (weapon)
Armour
 b - a +1 animal skin (worn)
Wands
 i - a wand of iceblast (2)
Scrolls
 h - a scroll of blinking
 n - 2 scrolls of identify
Potions
 c - a potion of curing
 e - a potion of haste
 f - 2 potions of magic
 g - 2 potions of berserk rage
 j - a potion of heal wounds
 l - a potion of might
 o - a potion of resistance {unknown}
 p - 3 potions of mutation
Miscellaneous
 k - a phantom mirror


   Skills:
 + Level 13.1 Fighting
 + Level 14.1 Long Blades
 + Level 6.7 Armour
 + Level 7.8 Dodging
 + Level 3.2 Stealth


You had 7 spell levels left.
You didn't know any spells.
Your spell library was empty.

Dungeon Overview and Level Annotations

Branches:
Dungeon (1/1)

Altars:
Cheibriados
Dithmenos
Elyvilon
Fedhas
Gozag
Hepliaklqana
Kikubaaqudgha
Makhleb
Nemelex Xobeh
Okawaru
Qazlal
Ru
Sif Muna
Trog
Uskayaw
Vehumet
Wu Jian
Xom
Yredelemnul
Zin
The Shining One
Beogh
Jiyva
Lugonu

Annotations:
D Erica


Innate Abilities, Weirdness & Mutations

You have a pair of large horns on your head.
You reflexively headbutt those who attack you in melee.
You are strong-willed. (Will+)
You passively map a small area around you.
You are robust. (+10% HP)
You have hidden genetic potential.


Message History

You closely miss something. Something hits you! Something burns you.
You hit something. Your headbutt misses something.
Your unstable footing causes you to fumble your attack.
You hear some strange, mumbled words.
A bolt of poison appears from out of thin air!
The bolt of poison hits you!!
You are poisoned.
Your unstable footing causes you to fumble your attack.
You feel very sick.
You hit something. Your headbutt misses something.
You feel sick.
You hear a zap.
Something tries to affect you, but you resist.
You miss something. Your headbutt misses something.
You feel sick.
Your unstable footing causes you to fumble your attack.
You feel sick.
You hear some strange, mumbled words.
A lance of force appears from out of thin air!
The lance of force hits you!!
You are knocked back by the lance of force.
You slam into the rock wall!
Splash!
You barely miss something.
You feel sick.
You completely miss something. Your headbutt misses something.
You feel sick.
You hear some strange, mumbled words.
Something tries to affect you, but you resist.
You hit something but do no damage.
You feel sick.
You miss something.
You feel sick.
You hear a zap.
You suddenly lose the ability to move!
You are no longer berserk.
You feel yourself slow down.
You feel sick. Something hits you!
* * * LOW HITPOINT WARNING * * *
Something burns you.
* * * LOW HITPOINT WARNING * * *
* * * LOW HITPOINT WARNING * * *
You feel sick.
You hear some strange, mumbled words.
A lance of force appears from out of thin air!
The lance of force hits you!!
You die...

♣.############*,,****,,,*********
♣.#___#___#__#,*,,*,,*,,+,*,,,**,
♣.#...#__)#)_#,,,,,,,,,**,*,,,**≈
..###'#'###'##,,,,,,,,,**,*,,,≈≈≈
♣.#..........#,,,,,,,,***,*,,,**≈
..'.⌠........#,,∩*,*,****,+,,,**,
..#...######'#,*,****,,**********
..#.⌠.#__#...#+#####*************
..#...#__#...#..@≈§+,*,+,,,+,*,*,
..#)###__#...#.#≈{§#,*,*,,,**,*,*
..#.:)#__#...'.#.§.#,*,*,,,*,*,*,
..#___#__'...#.#§.§#,,,*,,,**,*,*
▓▓▓▓▓▓▓▓▓▓▓▓▓▓▓▓▓▓▓▓********,*,*,
*,,,,,****≈≈≈,,,,,,,,≈≈≈,,,**,*,*
*,≈≈≈≈+**+*≈≈≈≈≈≈≈≈≈≈≈≈**,,+,*,*,
+,,,,,*,≈****************,,**,*,*
*******,,** *****+***


There were no monsters in sight!

Vanquished Creatures
  A deep elf pyromancer (D)
  A shadow (D)
  A spatial vortex (D)
  A necrophage (D)
  A scorpion (D)
  A water elemental (D)
  A jelly (D)
  A wizard (D)
  A necromancer (D)
  A kobold demonologist (D)
  3 humans (D)
  An endoplasm (D)
  3 rats (D)
17 creatures vanquished.

Notes
Turn   | Place    | Note
-------+----------+-------------------------------------------
     0 | D        | boopmooplesden the Minotaur Berserker began the quest for
                  | the Orb.
     0 | D        | Reached XP level 1. HP: 19/19 MP: 0/0
     8 | D        | Reached skill level 4 in Long Blades
    15 | D        | Reached ** piety under Trog
   204 | D        | Reached skill level 5 in Fighting
   204 | D        | Reached skill level 5 in Long Blades
   204 | D        | Reached XP level 2. HP: 13/29 MP: 1/1
   372 | D        | Noticed a scorpion
   380 | D        | Killed a scorpion
   381 | D        | Reached skill level 7 in Long Blades
   381 | D        | Reached XP level 3. HP: 8/39 MP: 2/2
   381 | D        | Reached XP level 4. HP: 10/47 MP: 3/3
   386 | D        | HP: 2/47 [poisoned by a scorpion]
   621 | D        | Gained mutation: You have hidden genetic potential. [potion
                  | of mutation]
   621 | D        | Gained mutation: You have a pair of large horns on your
                  | head. [potion of mutation]
   621 | D        | Gained mutation: You passively map a small area around you.
                  | [potion of mutation]
   902 | D        | Noticed a water elemental
   906 | D        | Killed a water elemental
   907 | D        | Reached skill level 8 in Long Blades
   907 | D        | Reached skill level 1 in Stealth
   907 | D        | Reached XP level 5. HP: 53/53 MP: 4/4
   976 | D        | Found a shadowy altar of Dithmenos.
   976 | D        | Noticed a necrophage
   982 | D        | Killed a necrophage
   983 | D        | Reached skill level 9 in Long Blades
   983 | D        | Reached skill level 5 in Dodging
   983 | D        | Found a basalt altar of Yredelemnul.
   983 | D        | Found a sacrificial altar of Ru.
   984 | D        | Gained mutation: You have great hidden genetic potential.
                  | [hidden potential]
   985 | D        | Reached *** piety under Trog
  1000 | D        | Found a hide-covered altar of Uskayaw.
  1000 | D        | Found an iron altar of Okawaru.
  1001 | D        | Found a bloodstained altar of Trog.
  1001 | D        | Found an ornate altar of the Wu Jian Council.
  1001 | D        | Noticed a human
  1001 | D        | Noticed a human
  1015 | D        | Killed a human
  1016 | D        | Reached skill level 10 in Fighting
  1016 | D        | Reached skill level 11 in Long Blades
  1016 | D        | Reached skill level 5 in Armour
  1016 | D        | Reached XP level 6. HP: 5/67 MP: 5/5
  1022 | D        | Gained mutation: You are strong-willed. (Will+) [hidden
                  | potential]
  1022 | D        | Lost mutation: You have great hidden genetic potential.
                  | [hidden potential expressed]
  1023 | D        | Killed a human
  1024 | D        | Reached XP level 7. HP: 22/74 MP: 6/6
  1350 | D        | Found a glowing silver altar of Zin.
  1352 | D        | Found a glowing golden altar of the Shining One.
  1352 | D        | Found a white marble altar of Elyvilon.
  1352 | D        | Noticed a deep elf pyromancer
  1354 | D        | Killed a deep elf pyromancer
  1354 | D        | Reached **** piety under Trog
  1355 | D        | Reached skill level 13 in Long Blades
  1365 | D        | Gained mutation: You are robust. (+10% HP) [hidden
                  | potential]
  1368 | D        | Found a radiant altar of Vehumet.
  1538 | D        | Found a shimmering blue altar of Sif Muna.
  1538 | D        | Found an ancient bone altar of Kikubaaqudgha.
  1680 | D        | Noticed a shadow
  1682 | D        | Killed a shadow
  1683 | D        | Reached XP level 8. HP: 93/93 MP: 7/7
  1690 | D        | Found a blossoming altar of Fedhas.
  1690 | D        | Found a stormy altar of Qazlal.
  1691 | D        | Found a snail-covered altar of Cheibriados.
  1691 | D        | Found a burning altar of Makhleb.
  1691 | D        | Found a hazy altar of Hepliaklqana.
  1691 | D        | Found a shimmering altar of Xom.
  1691 | D        | Found an opulent altar of Gozag.
  1691 | D        | Found a sparkling altar of Nemelex Xobeh.
  1691 | D        | Found a corrupted altar of Lugonu.
  1691 | D        | Found a viscous altar of Jiyva.
  1699 | D        | Reached ***** piety under Trog
  1700 | D        | Reached skill level 14 in Long Blades
  1737 | D        | Noticed Erica
  1758 | D        | Paralysed by something for 5 turns
  1760 | D        | HP: 4/94 [poisoned by Erica (bolt of poison)]
  1760 | D        | Killed from afar by Erica

Illustrated notes

Levels and vault maps discovered:
D:        dungeon_sprint_mu [sprint_mu_entry_forest, sprint_mu_temple_rooms,
          sprint_mu_d1_horrors, sprint_mu_d2_genie, sprint_mu_d3_branching,
          sprint_mu_orc_legion, sprint_mu_elf_gauntlet, sprint_mu_hive_nellie,
          sprint_mu_lair_fedhas, sprint_mu_vaults_butterflies,
          sprint_mu_slime_circle, sprint_mu_shoals_archi,
          sprint_mu_snake_twists, sprint_mu_blade_basic,
          sprint_mu_crypt_chambers, sprint_mu_tomb_spiral,
          sprint_mu_vestibule_basic, sprint_mu_gehenna_hellfire,
          sprint_mu_dis_giant, sprint_mu_tartarus_statrot,
          sprint_mu_cocytus_islands, sprint_mu_zot1]

Skill      XL: |  1  2  3  4  5  6  7  8 |
---------------+-------------------------+-----
Fighting       | 5 7 8 10 11 12 13 | 13.1
Long Blades    | 5 7 8 11 13 14 | 14.1
Armour         | 3 4 5 6 |  6.7
Dodging        | 3 4 6 7 |  7.8
Stealth        | 1 2 3 |  3.2

Action                   |  1- 3 |  4- 6 |  7- 9 || total
-------------------------+-------+-------+-------++-------
Melee: Falchion          |    21 |    26 |     2 ||    49
       Headbutt          |     3 |     2 |     3 ||     8
       Long sword        |       |       |    28 ||    28
Invok: Berserk           |     2 |     2 |     3 ||     7
       Trog's Hand       |       |     1 |       ||     1
Evoke: Wand              |       |       |     1 ||     1
  Use: Scroll            |       |     4 |       ||     4
       Potion            |       |     2 |       ||     2
Armor: Animal skin       |       |     1 |     1 ||     2
Dodge: Dodged            |     5 |    14 |     6 ||    25
